 Dungeon Crawl Stone Soup version 0.20.0-15-g7f486f2 (webtiles) character file.

399 ANON1729 the Destroyer (level 6, -1/32 HPs)
             Began as a Tengu Conjurer on June 20, 2017.
             Slain by a hippogriff (14 damage)
             ... on level 3 of the Dungeon.
             The game lasted 00:15:04 (2986 turns).

ANON1729 the Destroyer (Tengu Conjurer)             Turns: 2986, Time: 00:15:05

Health: -1/32      AC:  4    Str:  9    XL:     6   Next: 84%
Magic:  2/13       EV: 16    Int: 17    God:
Gold:   92         SH:  0    Dex: 14    Spells: 10/13 levels left

rFire    . . .     SeeInvis +   (no weapon)
rCold    . . .     Gourm    .   (no shield)
rNeg     . . .     Faith    .   v - +1 robe {MR+}
rPois    .         Spirit   .   (helmet restricted)
rElec    .         Reflect  .   (no cloak)
rCorr    .         Harm     +   l - +0 pair of gloves
MR       +....                  (boots unavailable)
Stlth    ++........             o - amulet of harm
Regen    0.1/turn               e - ring of see invisible
MPRegen  0.2/turn               (no ring)

@: flying quickly and evasively, quick
A: beak, talons 3, able to fly 1
a: no special abilities


You were on level 3 of the Dungeon.
You were hungry.

You visited 1 branch of the dungeon, and saw 3 of its levels.

You collected 92 gold pieces.

Inventory:

Hand Weapons
 u - a +0 scythe
Armour
 l - a +0 pair of gloves (worn)
 v - a +1 robe of magic resistance (worn)
Jewellery
 e - a ring of see invisible (left hand)
 o - an amulet of harm (around neck)
Wands
 w - a wand of acid (11/15)
Scrolls
 d - a scroll of random uselessness {unknown}
 g - a scroll of teleportation {unknown}
 i - a scroll of fog {unknown}
 m - 2 scrolls of enchant armour {unknown}
 n - a scroll of remove curse {unknown}
 p - 4 scrolls of identify {unknown}
 q - a scroll of noise {unknown}
 r - 2 scrolls of blinking {unknown}
 s - a scroll of fear {unknown}
Potions
 a - 2 potions of degeneration {unknown}
 f - a potion of heal wounds {unknown}
 k - a potion of lignification {unknown}
 x - a potion of curing {unknown}
Books
 b - a book of Conjurations

   Spells                             Type                      Level
   a - Magic Dart                     Conjuration                  1
   b - Searing Ray                    Conjuration                  2
   c - Dazzling Spray                 Conjuration/Hexes            3
   d - Fulminant Prism                Conjuration/Hexes            4
   e - Force Lance                    Conjuration/Translocation    4
   f - Iskenderun's Mystic Blast      Conjuration                  4
Comestibles
 c - a bread ration
 h - 2 fruits
 j - a meat ration
 t - 3 chunks of flesh


   Skills:
 + Level 3.0 Dodging
 - Level 2.0 Stealth
 + Level 4.3 Spellcasting
 + Level 8.3 Conjurations


You had 10 spell levels left.
You knew the following spells:

 Your Spells              Type           Power        Failure   Level  Hunger
a - Magic Dart            Conj           ####         1%          1    None
b - Searing Ray           Conj           ####..       1%          2    ##.....


Dungeon Overview and Level Annotations

Branches:
Dungeon (3/15)

Altars:
Cheibriados
Dithmenos
Kikubaaqudgha
Okawaru
Sif Muna


Innate Abilities, Weirdness & Mutations

You have a beak for a mouth.
You have claws for feet.
You can fly.


Message History

The hippogriff is moderately wounded.
The searing ray hits the hippogriff.
The hippogriff is heavily wounded.
The searing ray misses the hippogriff.
You finish channeling your searing ray.
The hippogriff bites you. The hippogriff pecks you.
The hippogriff barely misses you.
Casting: Searing Ray
Confirm with . or Enter, or press ? or * to list all spells.
Aiming: Searing Ray
Press: ? - help, Shift-Dir - straight line, f/p - hippogriff
Aim: a hippogriff (heavily wounded)
The searing ray hits the hippogriff.
The hippogriff is severely wounded. (Press . to maintain the ray.)
The hippogriff bites you. The hippogriff pecks you!
The hippogriff barely misses you.
The searing ray hits the hippogriff.
The hippogriff is severely wounded.
The hippogriff bites you!
You die...

######.## #.#.### #.# #..### # ##
#.# #.#...# #.# #..##### .# #.#
#.###.# #.###....... .# ##+##
#.###.###.##........ .# ##...##
#.........##.#.##### .###.....##
#.###.#.####.#.##### .##.......##
#.#.#.#.# #.#.##.##
.#.(.......###.......####.#.....#
.'.........'...H@...........)....
.#.........###.......####........
.##.......## #.......# #####..##
####.....## #####.### #.##
##...## #.# #.# ##'###########.#
##.## #.##...<......# #...##
#.##.#######..# #..... #.##.#
#####..# #...##


You could see a hippogriff.

Vanquished Creatures
  Sigmund (D:2)
  Jessica (D:2)
  Terence (D:2)
  A worker ant (D:3)
  4 gnolls (D:3)
  6 adders
  2 worms
  5 dart slugs
  A leopard gecko (D:3)
  2 orcs
  A ball python (D:1)
  4 bats
  3 bat zombies (D:2)
  3 giant cockroaches
  7 goblins
  7 hobgoblins
  2 jackals (D:1)
  A quokka (D:3)
  5 frilled lizards
  2 kobolds
  8 rats
67 creatures vanquished.

Notes
Turn   | Place    | Note
-------+----------+-------------------------------------------
     0 | D:1      | ANON1729 the Tengu Conjurer began the quest for the Orb.
     0 | D:1      | Reached XP level 1. HP: 10/10 MP: 4/4
   167 | D:1      | Reached XP level 2. HP: 12/15 MP: 1/6
   171 | D:1      | Learned a level 2 spell: Searing Ray
   606 | D:1      | Reached skill level 6 in Conjurations
   702 | D:2      | Noticed Jessica
   707 | D:2      | Killed Jessica
   707 | D:2      | Reached XP level 3. HP: 19/19 MP: 3/7
   803 | D:2      | Reached XP level 4. HP: 24/24 MP: 3/8
  1044 | D:2      | Noticed Terence
  1051 | D:2      | Killed Terence
  1201 | D:2      | Reached skill level 7 in Conjurations
  1251 | D:2      | Found an iron altar of Okawaru.
  1252 | D:2      | Found a deep blue altar of Sif Muna.
  1265 | D:2      | Noticed Sigmund
  1443 | D:2      | Found an ancient bone altar of Kikubaaqudgha.
  1526 | D:2      | Gained mutation: You can fly. [Tengu growth]
  1526 | D:2      | Reached XP level 5. HP: 28/28 MP: 4/10
  1857 | D:2      | Killed Sigmund
  1857 | D:2      | Reached skill level 8 in Conjurations
  1857 | D:2      | Reached XP level 6. HP: 20/32 MP: 5/12
  2026 | D:3      | Found a shadowy altar of Dithmenos.
  2054 | D:3      | Found a snail-covered altar of Cheibriados.
  2962 | D:3      | Noticed a hippogriff
  2986 | D:3      | Slain by a hippogriff

Skill      XL: |  1  2  3  4  5  6 |
---------------+-------------------+-----
Conjurations   | 6 7 8 |  8.3
Spellcasting   | 3 4 |  4.3
Dodging        | 3 |  3.0
Stealth        | |  2.0

Action                   |  1- 3 |  4- 6 || total
-------------------------+-------+-------++-------
Melee: Unarmed           |     8 |     3 ||    11
       Kick              |     2 |       ||     2
 Cast: Magic Dart        |    38 |    91 ||   129
       Searing Ray       |     1 |     7 ||     8
 Abil: Fly               |       |     1 ||     1
  Eat: Chunk             |       |     7 ||     7
Armor: Robe              |     3 |     3 ||     6
Dodge: Dodged            |    15 |    17 ||    32
